AoeStats
← PHSmith

Arabia

509397538Analyzed
1v1 RM · 4d ago on Sep 26, 2026· 50m 57s· 2 players
Game mode
Random Map
Map size
Tiny (2 player)
Population
200
Speed
Normal
Resources
Standard
Victory
Conquest
Starting age
Dark Age
Ending age
Imperial Age
RankedLock teamsTeams togetherTeam positionsShared explorationLock speedFull tech treeHidden civsTurbo modeCheats
Victory
Defeat
🇧🇷 Persians · Brazil
991
+15
🇫🇷 Danes · France
968
-15
WolfSpirit1492
6:25 Loom
9:36 Feudal Age
10:19 Man-at-Arms
12:44 Double-Bit Axe
17:28 Wheelbarrow
21:33 Castle Age
19:41 Gold Mining
19:46 Stone Mining
20:00 Horse Collar
22:48 Bow Saw
25:46 Forging
25:44 Scale Barding Armor
25:41 Scale Mail Armor
28:40 Scale Barding Armor
33:59 Arson
36:11 Hamask
36:56 Gambesons
37:11 Squires
41:48 Iron Casting
41:33 Heavy Plow
42:54 Gold Shaft Mining
43:50 Ballistics
43:52 Fletching
44:02 Padded Archer Armor
43:30 Elite Skirmisher
47:44 Imperial Age
45:08 Town Watch
46:20 Murder Holes
46:36 Masonry
49:04 Conscription
48:54 Thumb Ring
48:21 Pikeman
PHSmith
7:15 Loom
9:31 Feudal Age
10:37 Double-Bit Axe
20:16 Horse Collar
21:05 Bloodlines
24:01 Castle Age
23:36 Wheelbarrow
23:25 Forging
23:58 Scale Barding Armor
23:49 Fletching
25:17 Iron Casting
26:14 Husbandry
31:41 Chain Barding Armor
33:54 Hand Cart
35:06 Kamandaran
35:09 Bodkin Arrow
36:23 Padded Archer Armor
36:30 Crossbowman
39:35 Ballistics
42:24 Thumb Ring
48:23 Imperial Age
49:39 Chemistry
49:41 Blast Furnace
50:04 Plate Barding Armor
51:14 Leather Archer Armor
Connection lost

Rejoining the realm…

Still unreachable

The connection could not be restored.

Session expired

The server has moved on; the page needs a fresh start.